 Dungeon Crawl Stone Soup version 0.17.1-3-g152610e (webtiles) character file.

8005 jacquesderrida the Summoner (level 11, -12/77 HPs)
             Began as a Demonspawn Summoner on Apr 28, 2016.
             Was a Priest of Ashenzari.
             Mangled by a minotaur
             ... wielding a +3 rod of ignition (12/12)
              (29 damage)
             ... in a labyrinth.
             The game lasted 01:04:28 (10788 turns).

jacquesderrida the Summoner (Demonspawn Summoner)  Turns: 10788, Time: 01:04:28

Health: -12/77     AC: 13    Str: 10    XL:     11   Next: 4%
Magic:  4/20       EV: 12    Int: 24    God:    Ashenzari [***...]
Gold:   357        SH:  0    Dex: 13    Spells: 6 memorised, 5 levels left

rFire  . . .     SeeInvis +     d - +0 scimitar (curse)
rCold  + . .     Clarity  .     v - +2 leather armour {rC+} (curse)
rNeg   + . .     SustAt   +     (no shield)
rPois  +         Gourm    .     k - +0 helmet
rElec  +         Spirit   .     E - +2 cloak {rPois} (curse)
rCorr  .         Warding  +     (no gloves)
rMut   .         Stasis   .     l - +0 pair of boots of the Invisible Hand {+Inv rElec}
MR     .....                    w - amulet of warding
Stlth  ++........               H - ring of sustain attributes
                                I - +1 ring of evasion

@: brilliant, not resistant to hostile enchantments, unstealthy
A: hooves 1, yellow scales 2, powered by death 3
a: Scrying, Renounce Religion, Evoke Invisibility


You were in a labyrinth.
You worshipped Ashenzari.
Ashenzari was most pleased with you.
You were not hungry.

You visited 2 branches of the dungeon, and saw 15 of its levels.
You also visited: Labyrinth, Sewer and Ice Cave.

You collected 554 gold pieces.
You spent 197 gold pieces at shops.

Inventory:

Hand Weapons
 d - a cursed +0 scimitar (weapon)
Missiles
 o - 17 poisoned needles
 r - 13 tomahawks (quivered)
 y - 8 needles of paralysis
Armour
 k - a +0 helmet (worn)
 l - the +0 pair of boots of the Invisible Hand (worn) {+Inv rElec}
   (You found it on level 2 of the Lair of Beasts)

   It insulates you from electricity.
   It lets you turn invisible.
 n - a +2 ring mail of positive energy
 s - a +1 ice dragon armour
 v - a cursed +2 leather armour of cold resistance (worn)
 z - a +0 pair of boots
 E - a cursed +2 cloak of poison resistance (worn)
Jewellery
 u - an uncursed ring of poison resistance
 w - an amulet of warding (around neck)
 H - a ring of sustain attributes (right hand)
 I - a +1 ring of evasion (left hand)
Wands
 a - a wand of fire (9)
 D - a wand of cold (0)
 F - a wand of heal wounds (0)
Scrolls
 f - a scroll of identify
 i - 2 scrolls of magic mapping
 p - 2 scrolls of fear
 t - a scroll of curse jewellery
 x - 8 scrolls of remove curse
 A - 2 scrolls of immolation
 B - 2 scrolls of fog
 J - a scroll of amnesia
Potions
 h - 2 potions of flight
 j - a potion of lignification
 m - 3 potions of magic
Books
 b - a book of Callings

   Spells                             Type                      Level
   a - Summon Small Mammal            Summoning                    1
   b - Call Imp                       Summoning                    2
   c - Call Canine Familiar           Summoning                    3
   d - Summon Guardian Golem          Hexes/Summoning              3
   e - Summon Lightning Spire         Summoning/Air                4
   f - Summon Ice Beast               Ice/Summoning                4
 e - a book of Annihilations

   Spells                             Type                      Level
   a - Poison Arrow                   Conjuration/Poison           6
   b - Chain Lightning                Conjuration/Air              8
   c - Lehudib's Crystal Spear        Conjuration/Earth            8
   d - Glaciate                       Conjuration/Ice              9
   e - Fire Storm                     Conjuration/Fire             9
Comestibles
 c - 2 bread rations
 q - 10 meat rations
 C - 25 fruits


   Skills:
 + Level 4.1 Fighting
 + Level 9.0(11.8) Long Blades
 + Level 1.7 Dodging
 - Level 1.7 Stealth
 + Level 6.4 Spellcasting
 + Level 10.9 Summonings
 - Level 4.0 Ice Magic
 - Level 2.2 Air Magic


You had 5 spell levels left.
You knew the following spells:

 Your Spells              Type           Power        Failure   Level  Hunger
a - Summon Small Mammal   Summ           ####         1%          1    None
b - Summon Ice Beast      Ice/Summ       ######..     1%          4    ###....
c - Call Canine Familiar  Summ           ######..     1%          3    None
d - Summon Guardian Gole  Hex/Summ       #####...     1%          3    None
e - Summon Lightning Spi  Summ/Air       ######..     1%          4    ###....
f - Call Imp              Summ           ######..     1%          2    None


Dungeon Overview and Level Annotations

Branches:
Dungeon (11/15)              Lair (4/8) D:8             Orc (0/4) D:9
 Temple: D:4-7        Swamp: Lair:3-6    Shoals: Lair:3-6     Snake: Lair:3-6
 Spider: Lair:3-6

Altars:
Ashenzari
Cheibriados
Nemelex Xobeh
Okawaru
Trog
Vehumet
Zin
The Shining One

Shops:
D:7 (   D:8 ?

Annotations:
D:3 scrolls


Innate Abilities, Weirdness & Mutations

You have large cloven feet.
You are mostly covered in yellow scales (AC +3).
You regenerate a lot of health from kills.


Message History

The minotaur throws a stone.
The stone hits your lightning spire!
You completely miss the minotaur.
The minotaur furiously retaliates!
The minotaur headbutts you, but does no damage.
The minotaur is almost dead.
The minotaur hits you with a rod of ignition!!
* * * LOW HITPOINT WARNING * * *
The minotaur gores you.
* * * LOW HITPOINT WARNING * * *
You barely miss the minotaur.
The minotaur is almost dead.
Your lightning spire shoots out a bolt of lightning at the minotaur!
The bolt of electricity hits the minotaur.
The minotaur hits your lightning spire with a rod of ignition!
Your lightning spire is destroyed!
The minotaur bellows!
You hit the minotaur but do no damage.
The minotaur is almost dead.
Unknown command.
The minotaur hits you with a rod of ignition!!
You die...

* * * ** * , ,, ,
* * * , , , * , ,
, ##*,######### *
, * ,..,,#.......#
, #.###.#*# # ## *
** #.#(H.# , ,.# #
,, #.#(#@##*# .# *
# # * ,
#..(#........ ..#,
,
*,###(######▓▓▓.#.
# * , #(.,#
▓.#...#, ,*,
.#(### #.≈≈▓### #
,# ..(,'H .<≈*., .
# *, #... #.≈≈▓.
## * #.#.* ≈ ≈ .#.
## .# *#▓▓*. .# **


You could see a minotaur.

Vanquished Creatures
  A hill giant (D:8)
  2 blue devils (IceCv)
  3 blink frogs (Lair:2)
  A wyvern (D:11)
  3 hungry ghosts (Lab)
  A water moccasin (D:9)
  An ice beast (D:10)
  A black bear (Lair:3)
  2 orc warriors
  A crocodile (Lair:2)
  2 giant frogs
  A scorpion (D:7)
  A wight (D:9)
  A draconian simulacrum (IceCv)
  A giant frog skeleton (D:4)
  3 orc priests
  2 iguanas
  A worker ant (D:9)
  A centaur simulacrum (IceCv)
  A hound zombie (D:6)
  2 hound skeletons
  An adder (D:9)
  A naga simulacrum (IceCv)
  An ogre simulacrum (IceCv)
  11 white imps
  A worm (D:4)
  2 giant geckos
  12 orcs
  A ball python (D:4)
  A bat (D:1)
  2 giant cockroaches
  3 jackals
  2 kobolds (D:9)
  A giant gecko skeleton (D:4)
  A giant newt (D:1)
  6 goblins
  7 rats
85 creatures vanquished.

Vanquished Creatures (collateral kills)
  An ice devil (IceCv)
  A hill giant (D:11)
  A necromancer (IceCv)
  A manticore (D:10)
  3 komodo dragons
  The ghost of jacquesderrida the Summoner, a novice DsSu of Ashenzari (D:8)
  3 spiny frogs
  2 blue devils (IceCv)
  A blink frog (Lair:2)
  2 trapdoor spiders (Lab)
  4 yaks (D:9)
  A hippogriff (Lair:3)
  A hungry ghost (Lab)
  3 wolves (Lair:3)
  Menkaure (D:6)
  4 porcupines
  2 orc warriors (D:9)
  3 ice beasts
  An ogre (D:9)
  4 crocodiles
  3 big kobolds
  3 giant frogs
  A scorpion (D:6)
  8 wights
  2 draconian simulacra (IceCv)
  An electric eel (D:9)
  A giant frog zombie (D:8)
  2 hounds
  A centaur zombie (D:10)
  2 orc priests
  A gnoll shaman (D:5)
  5 iguanas
  An orc wizard (D:9)
  2 troll simulacra (IceCv)
  A worker ant (D:7)
  Robin (D:4)
  A naga simulacrum (IceCv)
  3 gnolls (D:5)
  6 adders
  A river rat (Sewer)
  2 white imps (Lair:3)
  An ooze (D:2)
  An adder skeleton (D:5)
  14 orcs
  3 ball pythons
  3 giant cockroaches
  13 goblins
  9 hobgoblins
  8 jackals
  6 kobolds
  A bat (D:1)
  6 giant geckos
  7 giant newts (Sewer)
  2 quokkas
  A quokka skeleton (D:5)
  A quokka zombie (D:6)
  7 rats
  A plant (D:8)
172 creatures vanquished.

Vanquished Creatures (others)
  A hill giant (D:10)
  A blue devil (IceCv)
  A yak (D:9)
  A jackal (D:10)
  A goblin (D:4)
  3 fungi (Lair:2)
  2 plants (Lair:2)
10 creatures vanquished.

Grand Total: 267 creatures vanquished

Notes
Turn   | Place    | Note
--------------------------------------------------------------
     0 | D:1      | jacquesderrida the Demonspawn Summoner began the quest for the Orb.
     0 | D:1      | Reached XP level 1. HP: 13/13 MP: 3/3
   259 | D:1      | Gained mutation: You regenerate a little health from kills. [demonic ancestry]
   259 | D:1      | Reached XP level 2. HP: 13/19 MP: 1/5
   346 | D:1      | Learned a level 2 spell: Call Imp
   518 | D:2      | Reached skill level 5 in Summonings
   518 | D:2      | Reached XP level 3. HP: 24/24 MP: 6/6
   536 | D:2      | Found a glowing golden altar of the Shining One.
   652 | D:3      | Learned a level 3 spell: Call Canine Familiar
   691 | D:3      | Found a glowing drain.
   750 | Sewer    | Entered a sewer
  1077 | D:3      | Found a shattered altar of Ashenzari.
  1137 | D:3      | Became a worshipper of Ashenzari the Shackled
  1255 | D:3      | Found a glowing silver altar of Zin.
  1365 | D:4      | Reached XP level 4. HP: 25/30 MP: 3/7
  1553 | D:4      | Noticed Robin
  1571 | D:4      | Reached skill level 6 in Summonings
  1579 | D:4      | Killed Robin
  1847 | D:4      | Reached XP level 5. HP: 15/35 MP: 4/8
  1869 | D:5      | Entered Level 5 of the Dungeon
  1876 | D:5      | Found a bloodstained altar of Trog.
  1915 | D:5      | Found an iron altar of Okawaru.
  2160 | D:5      | Noticed an ice beast
  2194 | D:5      | Killed an ice beast
  2194 | D:5      | Reached skill level 7 in Summonings
  2194 | D:5      | Gained mutation: You have large cloven feet. [demonic ancestry]
  2194 | D:5      | Reached XP level 6. HP: 37/41 MP: 9/9
  2199 | D:5      | Noticed an ice beast
  2232 | D:5      | Killed an ice beast
  2383 | D:6      | Noticed Menkaure
  2405 | D:6      | Learned a level 3 spell: Summon Guardian Golem
  2422 | D:6      | Killed Menkaure
  2505 | D:6      | Reached skill level 8 in Summonings
  2667 | D:7      | Reached skill level 1 in Fighting
  2719 | D:7      | Reached XP level 7. HP: 44/48 MP: 7/10
  2750 | D:7      | Identified the +1 robe of the Hills {rPois rF+}
  2794 | D:7      | Reached skill level 1 in Long Blades
  2851 | D:7      | Reached * piety under Ashenzari
  2922 | D:7      | Found Lain's Weapon Emporium.
  3129 | D:8      | Found Akhiniz's Magic Scroll Boutique.
  3144 | D:8      | Bought a scroll of teleportation for 33 gold pieces
  3144 | D:8      | Bought a scroll of identify for 22 gold pieces
  3144 | D:8      | Bought a scroll of identify for 22 gold pieces
  3256 | D:8      | Reached skill level 9 in Summonings
  3336 | D:8      | Gained mutation: You are partially covered in yellow scales (AC +2). [demonic ancestry]
  3336 | D:8      | Reached XP level 8. HP: 49/55 MP: 11/11
  3462 | D:8      | Noticed a hill giant
  3487 | D:8      | Killed a hill giant
  3617 | D:9      | Found a staircase to the Orcish Mines.
  3659 | D:9      | Reached skill level 10 in Summonings
  3735 | D:9      | Noticed a lindwurm
  3736 | D:9      | Noticed a lindwurm
  3742 | D:9      | Noticed a lindwurm
  3742 | D:9      | Noticed a lindwurm
  3769 | D:9      | Reached skill level 5 in Long Blades
  3787 | D:9      | Found a radiant altar of Vehumet.
  3787 | D:9      | Found a snail-covered altar of Cheibriados.
  3889 | D:9      | Gained mutation: You regenerate health from kills. [demonic ancestry]
  3889 | D:9      | Reached XP level 9. HP: 35/61 MP: 1/12
  4060 | D:10     | Entered Level 10 of the Dungeon
  4060 | D:10     | Noticed a hill giant
  4071 | D:10     | Noticed a hill giant
  4084 | D:10     | Killed a hill giant
  4094 | D:10     | Noticed a hill giant
  4106 | D:10     | Noticed a death yak
  4107 | D:10     | Reached ** piety under Ashenzari
  4152 | D:8      | Noticed jacquesderrida's ghost (novice DsSu)
  4305 | D:10     | Noticed a death yak
  4423 | D:11     | Noticed a hill giant
  4439 | D:11     | Killed a hill giant
  4458 | D:11     | Learned a level 4 spell: Summon Lightning Spire
  4496 | D:11     | Noticed a kobold demonologist
  4507 | D:11     | Noticed a kobold demonologist
  4513 | D:11     | Noticed a sun demon
  4514 | D:11     | Noticed an orange demon
  4541 | D:10     | Reached skill level 1 in Air Magic
  4562 | D:10     | Noticed a manticore
  4604 | D:11     | Noticed a six-headed hydra
  4604 | D:11     | Noticed a hill giant
  4649 | D:10     | Killed a manticore
  4756 | D:8      | Bought a scroll of fear for 38 gold pieces
  4756 | D:8      | Bought a scroll of identify for 22 gold pieces
  4756 | D:8      | Bought a scroll of identify for 22 gold pieces
  4756 | D:8      | Bought a scroll of amnesia for 38 gold pieces
  4792 | D:8      | Killed jacquesderrida's ghost
  4806 | D:8      | Found a staircase to the Lair.
  4807 | D:8      | Noticed a komodo dragon
  4844 | D:8      | Killed a komodo dragon
  4863 | Lair:1   | Entered Level 1 of the Lair of Beasts
  4874 | Lair:1   | Noticed a komodo dragon
  5049 | Lair:2   | Found a sparkling altar of Nemelex Xobeh.
  5060 | Lair:2   | Noticed a four-headed hydra
  5071 | Lair:2   | Noticed a spiny frog
  5112 | Lair:2   | Noticed a spiny frog
  5148 | Lair:2   | Killed a spiny frog
  5148 | Lair:2   | Gained mutation: You regenerate a lot of health from kills. [demonic ancestry]
  5148 | Lair:2   | Reached XP level 10. HP: 58/71 MP: 2/15
  5288 | Lair:2   | Noticed a spiny frog
  5296 | Lair:2   | Killed a spiny frog
  5363 | Lair:2   | Learned a level 4 spell: Summon Ice Beast
  5374 | Lair:2   | Got the uncursed pair of boots of the Invisible Hand {+Inv rElec}
  5387 | Lair:2   | Identified the +0 pair of boots of the Invisible Hand {+Inv rElec} (You found it on level 2 of the Lair of Beasts)
  5447 | Lair:3   | Reached skill level 1 in Ice Magic
  5459 | Lair:3   | Reached skill level 5 in Spellcasting
  5515 | Lair:3   | Found a frozen archway.
  5557 | IceCv    | Entered an ice cave
  5564 | IceCv    | Noticed an ice devil
  5603 | IceCv    | Killed an ice devil
  6439 | IceCv    | Noticed a necromancer
  6446 | IceCv    | Killed a necromancer
  6567 | Lair:3   | Reached *** piety under Ashenzari
  6827 | Lair:4   | Found a labyrinth entrance.
  6836 | Lab      | Entered a labyrinth
  6958 | Lab      | Gained mutation: You are mostly covered in yellow scales (AC +3). [demonic ancestry]
  6958 | Lab      | Reached XP level 11. HP: 77/77 MP: 16/20
 10754 | Lab      | Noticed a minotaur
 10788 | Lab      | Identified a +3 rod of ignition (12/12)
 10788 | Lab      | Mangled by a minotaur

Action                   |  1- 3 |  4- 6 |  7- 9 | 10-12 || total
-------------------------+-------+-------+-------+-------++-------
Melee: Unarmed           |     6 |       |       |       ||     6
       Dagger            |    97 |   197 |       |       ||   294
       Scimitar          |       |       |   215 |   265 ||   480
 Cast: Summon Small Mamm |    26 |       |       |       ||    26
       Call Imp          |     3 |     6 |     1 |       ||    10
       Call Canine Famil |     9 |    13 |    34 |    17 ||    73
       Summon Guardian G |       |     2 |    12 |    10 ||    24
       Summon Lightning  |       |       |     8 |    10 ||    18
       Summon Ice Beast  |       |       |       |    24 ||    24
Invok: Scrying           |       |       |       |     3 ||     3
Evoke: Wand              |       |       |    12 |       ||    12
  Use: Scroll            |     8 |     6 |    10 |     7 ||    31
       Potion            |       |       |     3 |     3 ||     6
 Stab: Sleeping          |     4 |     3 |       |     2 ||     9
       Distracted        |     1 |     1 |     3 |     7 ||    12
  Eat: Chunk             |     3 |     7 |    10 |     4 ||    24
       Pizza             |       |       |     2 |       ||     2
       Royal jelly       |       |       |     1 |     2 ||     3
       Beef jerky        |       |       |     1 |     1 ||     2
       Fruit             |       |       |       |    24 ||    24
